 Dungeon Crawl Stone Soup version 0.26-a0-478-g6c97825307 (webtiles) character file.

Game seed: 13221713416081078590

131 Infinimo the Skirmisher (level 5, -2/49 HPs)
             Began as a Kobold Berserker on Aug 1, 2020.
             Was a Believer of Trog.
             Slain by Grinder (5 damage)
             ... while paralysed by Grinder
             ... on level 3 of the Dungeon.
             The game lasted 00:02:35 (2984 turns).

Infinimo the Skirmisher (Kobold Berserker)          Turns: 2984, Time: 00:02:36

Health: -2/49      AC:  4    Str: 14    XL:     5   Next: 37%
Magic:  5/5        EV:  3    Int:  9    God:    Trog [**....]
Gold:   118        SH:  0    Dex: 15    Spells: 4/4 levels left

rFire    . . .     SeeInvis .   a - +0 falchion
rCold    . . .     Faith    .   (shield restricted)
rNeg     . . .     Spirit   .   b - +0 animal skin
rPois    .         Reflect  .   (no helmet)
rElec    .         Harm     .   l - +0 cloak
rCorr    .                      j - +0 pair of gloves
MR       .....                  (no boots)
Stlth    ..........             (no amulet)
HPRegen  0.16/turn              (no ring)
MPRegen  0.09/turn              (no ring)

@: paralysed, berserking (expiring)
A: small, nightstalker 3
a: Berserk, Trog's Hand, Renounce Religion


You were on level 3 of the Dungeon.
You worshipped Trog.
Trog was pleased with you.
You visited 1 branch of the dungeon, and saw 3 of its levels.

You collected 118 gold pieces.

Inventory:

Hand Weapons
 a - a +0 falchion (weapon)
Armour
 b - a +0 animal skin (worn)
 j - a +0 pair of gloves (worn)
 l - a +0 cloak (worn)
Scrolls
 d - 2 scrolls of amnesia {unknown}
 e - 2 scrolls of identify {unknown}
 f - 4 scrolls of teleportation {unknown}
 g - a scroll of blinking {unknown}
 i - 3 scrolls of enchant armour {unknown}
 k - a scroll of magic mapping {unknown}
Potions
 c - a potion of heal wounds {unknown}
 h - 2 potions of flight {unknown}


   Skills:
 + Level 4.2 Fighting
 * Level 3.7 Long Blades
 - Level 1.5 Armour
 + Level 3.7 Dodging


You had 4 spell levels left.
You didn't know any spells.
Your spell library was empty.

Dungeon Overview and Level Annotations

Branches:
Dungeon (3/15)

Altars:
Wu Jian

Annotations:
D:3 Grinder


Innate Abilities, Weirdness & Mutations

You are small and have problems with some larger weapons.
You are completely attuned to the shadows.


Message History

You writhe in agony.
* * * LOW HITPOINT WARNING * * *
Grinder is heavily wounded.
Grinder gestures at you.
You barely resist. You slash Grinder!
Grinder is almost dead.
Grinder gestures at you.
You suddenly lose the ability to move!
Grinder says, "Just stop there for a second..."
Grinder gestures at you. You resist with significant effort.
Grinder gestures at you.
You barely resist. Grinder gestures at you.
You shrug off the repeated paralysis!
Grinder hits you.
* * * LOW HITPOINT WARNING * * *
You writhe in agony.
You die...

..# #. #.# #######
#### ###.# #.# #......
#...##.#.###.###.#####
......5..##.........##
.....@.......###.##.##
.........###.# #.##.##
#...##.#.###.# #.##.##
#### #.#.....# #......
#.####### ####..# #+#
##.# #<# #.# . #.#


You could see Grinder.

Vanquished Creatures
  Crazy Yiuf (D:2)
  4 gnolls
  An adder (D:2)
  An ooze (D:1)
  2 worms (D:2)
  3 dart slugs
  7 bats
  A giant cockroach (D:1)
  3 goblins
  2 hobgoblins
  5 jackals
  2 quokkas (D:2)
  A ball python (D:1)
  3 frilled lizards
  4 kobolds (D:1)
  7 rats
47 creatures vanquished.

Notes
Turn   | Place    | Note
-------+----------+-------------------------------------------
     0 | D:1      | Infinimo the Kobold Berserker began the quest for the Orb.
     0 | D:1      | Reached XP level 1. HP: 14/14 MP: 1/1
   149 | D:1      | Reached XP level 2. HP: 16/19 MP: 2/2
   457 | D:1      | Reached XP level 3. HP: 23/23 MP: 3/3
  1083 | D:2      | HP: 1/24 [worm (5)]
  1414 | D:2      | Reached XP level 4. HP: 29/29 MP: 4/4
  1457 | D:2      | Found a runed translucent door.
  1460 | D:2      | Noticed Crazy Yiuf
  2331 | D:2      | Reached ** piety under Trog
  2350 | D:2      | Found an ornate altar of the Wu Jian Council.
  2425 | D:2      | Killed Crazy Yiuf
  2425 | D:2      | Reached skill level 4 in Fighting
  2821 | D:2      | Reached XP level 5. HP: 33/33 MP: 5/5
  2969 | D:3      | Noticed Grinder
  2979 | D:3      | Paralysed by Grinder for 7 turns
  2984 | D:3      | Slain by Grinder

Illustrated notes

Levels and vault maps discovered:
D:1:      minmay_arrival_split_and_join, layout_rooms, st_stairs_7
D:2:      layout_loops_ring, lemuel_doored_altar,
          hangedman_abyss_or_decor_stabs, uniq_crazy_yiuf_cottage
D:3:      layout_loops_corners, nicolae_gozag_cash_rules_everything_around_me,
          uniq_robin, uniq_grinder

Skill      XL: |  1  2  3  4 |
---------------+-------------+-----
Long Blades    | 3 |  3.7
Dodging        | 3 |  3.7
Fighting       | 4 |  4.2
Armour         | |  1.5

Action                   |  1- 3 |  4- 6 || total
-------------------------+-------+-------++-------
Melee: Falchion          |    99 |    57 ||   156
Invok: Berserk           |     4 |     5 ||     9
  Use: Potion            |     1 |       ||     1
 Stab: Sleeping          |     8 |       ||     8
Armor: Animal skin       |    11 |    15 ||    26
Dodge: Dodged            |    84 |    37 ||   121
       Rpst.: Falchion   |    23 |     7 ||    30

Table legend: (Time is in decaauts)
 A = Elapsed time spent in this place.
 B = Non-inter-level travel time spent in this place.
 C = Inter-level travel time spent in this place.
 D = Time resting spent in this place.
 E = Time spent auto-exploring this place.
 F = Levels seen in this place.
 G = Mean time per level.
                   A        B        C        D        E       F      G
               +--------+--------+--------+--------+--------+-----+--------+
         Total |   3061 |   2953 |    108 |    459 |   2130 |   3 | 1020.3 |
       Dungeon |   3061 |   2953 |    108 |    459 |   2130 |   3 | 1020.3 |
               +--------+--------+--------+--------+--------+-----+--------+

Top non-repeatable levels by time:
     D:2: 1521 daAuts
     D:1: 1236 daAuts
     D:3: 303 daAuts
